 Dungeon Crawl Stone Soup version 0.19-a0-1057-g15bb84d (webtiles) character file.

385 JustSomeDude the Shield-Bearer (level 6, -13/48 HPs)
             Began as a Demonspawn Fighter on Aug 2, 2016.
             Mangled by an ogre
             ... wielding a +0 giant spiked club
              (16 damage)
             ... on level 4 of the Dungeon.
             The game lasted 00:06:07 (1897 turns).

JustSomeDude the Shield-Bearer (Demonspawn Fighter) Turns: 1897, Time: 00:06:08

Health: -13/48     AC:  7    Str: 23    XL:     6   Next: 48%
Magic:  0/6        EV:  9    Int:  9    God:
Gold:   145        SH: 10    Dex: 13    Spells: 0 memorised, 5 levels left

rFire  . . .     SeeInvis .     a - +0 war axe
rCold  . . .     Gourm    .     b - +0 scale mail
rNeg   . . .     Faith    .     c - +0 shield
rPois  .         Spirit   +     (helmet restricted)
rElec  .         Dismiss  .     (no cloak)
rCorr  .         Reflect  .     (no gloves)
SustAt .         Harm     .     (no boots)
MR     .....                    (no amulet)
Stlth  ..........               (no ring)
                                (no ring)

@: mighty, not resistant to hostile enchantments, extremely unstealthy
A: horns 2, magic shield, rot immunity
a: no special abilities


You were on level 4 of the Dungeon.
You were not hungry.

You visited 1 branch of the dungeon, and saw 4 of its levels.

You collected 145 gold pieces.

Inventory:

Hand Weapons
 a - a +0 war axe (weapon)
Armour
 b - a +0 scale mail (worn)
 c - a +0 shield (worn)
Jewellery
 p - a cursed ring of teleportation {unknown}
 r - an uncursed ring of protection from cold {unknown}
 t - an uncursed ring of ice {unknown}
 v - a cursed -4 ring of evasion {unknown}
Scrolls
 d - a scroll of magic mapping {unknown}
 k - 2 scrolls of identify {unknown}
 n - a scroll of enchant weapon {unknown}
 o - a scroll of remove curse {unknown}
 s - a scroll of noise {unknown}
Potions
 e - a potion of agility {unknown}
 h - a potion of haste {unknown}
 i - a potion of brilliance {unknown}
 l - a potion of heal wounds {unknown}
 m - 3 potions of curing {unknown}
Comestibles
 f - 3 bread rations
 g - a royal jelly
 j - 3 fruits
 u - a meat ration


   Skills:
 + Level 3.9 Fighting
 + Level 2.8 Axes
 + Level 4.0 Armour
 + Level 2.2 Dodging
 + Level 4.2 Shields


You had 5 spell levels left.
You didn't know any spells.

Dungeon Overview and Level Annotations

Branches:
Dungeon (4/15)
 Temple: D:4-7

Altars:
Ru
Vehumet
Xom
Yredelemnul


Innate Abilities, Weirdness & Mutations

You have a pair of horns on your head.
When hurt, damage is shared between your health and your magic reserves.
You are immune to rotting.


Message History

There are monsters nearby!
You slash the ogre! You headbutt the ogre.
The ogre is severely wounded.
You slash the ogre! The ogre hits you but does no damage.
The ogre closely misses you.
You barely miss the ogre. Your headbutt misses the ogre.
The ogre is severely wounded.
You barely miss the ogre. You block the ogre's attack. x2
You feel very mighty all of a sudden. The ogre hits you with a giant club!!
* * * LOW HITPOINT WARNING * * *
You block the ogre's attack.
You are too injured to fight recklessly!
You are too injured to fight recklessly!
You slash the ogre!
You kill the ogre!
Your Armour skill increases to level 4!
You hit the ogre.
The ogre hits you with a giant spiked club!
You die...

...........
..........
..........
.........
....$....
#........
#)O......
#@...#
#....#
#....+
#######....#
.
...........#
#.....
...........#
#.....####
...........#
#.........
...........#
#.........
...........#
.........


You could see an ogre.

Vanquished Creatures
  Sigmund (D:2)
  An ogre (D:4)
  A hound (D:3)
  3 adders
  An ooze (D:3)
  A worm (D:2)
  3 dart slugs
  2 giant geckos (D:3)
  2 orcs (D:3)
  4 giant cockroaches
  5 goblins
  8 hobgoblins
  4 jackals (D:1)
  2 quokkas
  4 ball pythons
  7 bats
  2 giant newts
  9 kobolds
  5 rats
65 creatures vanquished.

Notes
Turn   | Place    | Note
-------+----------+-------------------------------------------
     0 | D:1      | JustSomeDude the Demonspawn Fighter began the quest for the Orb.
     0 | D:1      | Reached XP level 1. HP: 18/18 MP: 1/1
    61 | D:1      | Gained mutation: You have a pair of small horns on your head. [demonic ancestry]
    61 | D:1      | Reached XP level 2. HP: 14/24 MP: 2/2
   610 | D:2      | Noticed Sigmund
   613 | D:2      | Gained mutation: When hurt, damage is shared between your health and your magic reserves. [demonic ancestry]
   613 | D:2      | Reached XP level 3. HP: 28/29 MP: 3/3
   619 | D:2      | Killed Sigmund
   619 | D:2      | Reached skill level 1 in Dodging
   619 | D:2      | Reached XP level 4. HP: 24/37 MP: 1/4
   619 | D:2      | Gained mutation: You are immune to rotting. [demonic ancestry]
   619 | D:2      | Reached XP level 5. HP: 27/42 MP: 1/5
  1275 | D:3      | Gained mutation: You have a pair of horns on your head. [demonic ancestry]
  1275 | D:3      | Reached XP level 6. HP: 41/48 MP: 6/6
  1510 | D:3      | Found a radiant altar of Vehumet.
  1510 | D:3      | Found a sacrificial altar of Ru.
  1583 | D:3      | Found a shimmering altar of Xom.
  1635 | D:3      | Found a basalt altar of Yredelemnul.
  1897 | D:4      | Mangled by an ogre

Vault maps used:
D:1:      mrwooster_arrival_arrow, serial_glass, glass_columns_c,
          glass_columns_a
D:2:      uniq_sigmund
D:3:      xom_teletrap_fun, amethyst_overflow_temple_binary,
          yredelemnul_altar_generic
D:4:      first_bread, hangedman_feature_mirror

Skill      XL: |  1  2  3  4  5  6 |
---------------+-------------------+-----
Shields        | 3 4 |  4.2
Axes           | 2 |  2.8
Armour         | 3 4 |  4.0
Dodging        | 1 2 |  2.2
Fighting       | |  3.9

Action                   |  1- 3 |  4- 6 || total
-------------------------+-------+-------++-------
Melee: War axe           |    68 |   110 ||   178
       Headbutt          |     6 |    19 ||    25
  Use: Potion            |     1 |     1 ||     2
  Eat: Chunk             |       |     4 ||     4
Armor: Scale mail        |    44 |    60 ||   104
Dodge: Dodged            |    17 |    35 ||    52
Block: Shield            |    38 |    75 ||   113
